MAA
YAKIMA HOPS @ SALEM MISFITS
06/10/2019
 
TOP OF THE 1ST
Yakima Hops batting - Pitching for Salem Misfits : RHP Enrico Reséndez
Pitching: RHP Enrico Reséndez
Batting: RHB Roberto Andrade 0-0: Called Strike
0-1: Called Strike
0-2: Ball
1-2: Ball
2-2: Ball
3-2: Strikes out swinging
Batting: RHB Rafael Najcrea 0-0: Ball
1-0: Called Strike
1-1: Swinging Strike
1-2: Ball
2-2: Foul Ball, location: 2F
2-2: DOUBLE (Flyball, 8LXD)
Batting: RHB Marshall Attwood 0-0: Ball
1-0: Ball
2-0: Foul Ball, location: 2F
2-1: Ball
3-1: Base on Balls
Batting: SHB Brian Ray 0-0: Foul Ball, location: 2F
0-1: Ball
1-1: Ball
2-1: Ground out 4-3 (Groundball, 4M)
Rafael Najcrea to third
Marshall Attwood to second
Batting: RHB Rafael Durango 0-0: Called Strike
0-1: Ball
1-1: Called Strike
1-2: Ball
2-2: Foul Ball, location: 2F
2-2: Foul Ball, location: 2F
2-2: Foul Ball, location: 2F
2-2: Ball
3-2: Strikes out swinging
Top of the 1st over - 0 run(s), 1 hit(s), 0 error(s), 2 left on base; Yakima 0 - Salem 0
BOTTOM OF THE 1ST
Salem Misfits batting - Pitching for Yakima Hops : RHP Matt Webber
Pitching: RHP Matt Webber
Batting: LHB Iván Flores 0-0: Ball
1-0: Ground out 5-3 (Groundball, 56)
Batting: SHB Alonso Márquez 0-0: Ball
1-0: Swinging Strike
1-1: Ground out 4-3 (Groundball, 34S)
Batting: RHB Alfredo Martínez 0-0: Called Strike
0-1: Foul Ball, location: 2F
0-2: Ball
1-2: Strikes out swinging
Bottom of the 1st over - 0 run(s), 0 hit(s), 0 error(s), 0 left on base; Yakima 0 - Salem 0
TOP OF THE 2ND
Yakima Hops batting - Pitching for Salem Misfits : RHP Enrico Reséndez
Batting: RHB Cal Jackson 0-0: Ground out 6-3 (Groundball, 6)
Batting: LHB Jesús Quintanilla 0-0: Ball
1-0: Foul Ball, location: 2F
1-1: Foul Ball, location: 2F
1-2: Foul Ball, location: 2F
1-2: Foul Ball, location: 2F
1-2: Foul Ball, location: 2F
1-2: Foul Ball, location: 2F
1-2: Foul Ball, location: 2F
1-2: Strikes out swinging
Batting: RHB Jim Allen 0-0: Ball
1-0: Called Strike
1-1: Bunt missed!
1-2: Ground out 4-3 (Groundball, 34)
Top of the 2nd over - 0 run(s), 0 hit(s), 0 error(s), 0 left on base; Yakima 0 - Salem 0
BOTTOM OF THE 2ND
Salem Misfits batting - Pitching for Yakima Hops : RHP Matt Webber
Batting: RHB Raúl Reyna 0-0: Called Strike
0-1: SOLO HOME RUN (Flyball, 9D), Distance : 374 ft
Batting: RHB Jong-duk Kim 0-0: Ball
1-0: Called Strike
1-1: Swinging Strike
1-2: Strikes out swinging
Batting: RHB Will Robinson 0-0: Bunted foul
0-1: Ball
1-1: Ball
2-1: Foul Ball, location: 2F
2-2: Ball
3-2: SINGLE (Line Drive, 6MD)
Batting: RHB John Townsend 0-0: Ball
1-0: Ball
2-0: Ball
Will Robinson is caught stealing 2nd base
3-0: Called Strike
3-1: Base on Balls
Batting: SHB Emílio Gonzáles 0-0: Ball
1-0: Reached on Error, E8 (Flyball, 8RD)
John Townsend to third
Batting: SHB Arturo Romero 0-0: Foul Ball, location: 2F
0-1: SINGLE (Line Drive, 6D)
John Townsend scores
Emílio Gonzáles to third
Runner from 3rd tries for Home, SAFE, no throw or cutoff
Batting: LHB Iván Flores 0-0: Foul Ball, location: 2F
0-1: Ball
1-1: SINGLE (Groundball, 4MD)
Arturo Romero to second
Runner from 2nd tries for 3rd, SAFE, throw made to third
Batting: SHB Alonso Márquez 0-0: Ball
1-0: Ball
2-0: Called Strike
2-1: Ball
3-1: Foul Ball, location: 2F
3-2: Base on Balls
Iván Flores to second
Batting: RHB Alfredo Martínez 0-0: Called Strike
0-1: Swinging Strike
0-2: Ball
1-2: Strikes out swinging
Bottom of the 2nd over - 3 run(s), 4 hit(s), 1 error(s), 3 left on base; Yakima 0 - Salem 3
TOP OF THE 3RD
Yakima Hops batting - Pitching for Salem Misfits : RHP Enrico Reséndez
Batting: SHB Carlos Sánchez 0-0: Called Strike
0-1: Foul Ball, location: 2F
0-2: SINGLE (Line Drive, 8LS)
Batting: RHB Roberto Andrade 0-0: SINGLE (Line Drive, 89M)
Carlos Sánchez to second
Batting: RHB Rafael Najcrea 0-0: Ball
1-0: Foul Ball, location: 2F
1-1: Ball
2-1: Called Strike
2-2: Ball
3-2: SINGLE (Groundball, 6M)
Carlos Sánchez to third
Roberto Andrade to second
Batting: RHB Marshall Attwood 0-0: Ball
1-0: Ball
Single, Error in OF, E7, batter to second base
Carlos Sánchez scores
Roberto Andrade scores
Rafael Najcrea to third
Batting: SHB Brian Ray 0-0: Ball
1-0: Ball
2-0: Ball
3-0: Called Strike
3-1: Base on Balls
Batting: RHB Rafael Durango 0-0: Foul Ball, location: 2F
0-1: Ball
1-1: Called Strike
1-2: Ball
2-2: Ball
3-2: SINGLE (Groundball, 56D)
Rafael Najcrea scores
Marshall Attwood to third
Brian Ray to second
Runner from 3rd tries for Home, SAFE, no throw or cutoff
Batting: RHB Cal Jackson 0-0: Called Strike
0-1: Ball
1-1: Swinging Strike
1-2: Grounds into double play, U5-3 (Groundball, 5L)
Rafael Durango to second
Batting: LHB Jesús Quintanilla 0-0: Foul Ball, location: 2F
0-1: Ball
1-1: Called Strike
1-2: Foul Ball, location: 2F
1-2: Ball
2-2: SINGLE (Groundball, 56D)
Rafael Durango to third
Runner from 3rd tries for Home, SAFE, no throw or cutoff
Batting: RHB Jim Allen 0-0: Ball
1-0: Foul Ball, location: 2F
1-1: Ball
2-1: Foul Ball, location: 2F
2-2: Foul Ball, location: 2F
2-2: Fly out, F8 (Line Drive, 8RM)
Top of the 3rd over - 5 run(s), 6 hit(s), 1 error(s), 1 left on base; Yakima 5 - Salem 3
BOTTOM OF THE 3RD
Salem Misfits batting - Pitching for Yakima Hops : RHP Matt Webber
Batting: RHB Raúl Reyna 0-0: Ball
1-0: Ball
2-0: SINGLE (Line Drive, 56D)
Batting: RHB Jong-duk Kim 0-0: Ball
1-0: Called Strike
1-1: Grounds into double play, 6-4-3 (Groundball, 6)
Batting: RHB Will Robinson 0-0: Ball
1-0: Swinging Strike
1-1: Called Strike
1-2: Ball
2-2: Strikes out swinging
Bottom of the 3rd over - 0 run(s), 1 hit(s), 0 error(s), 0 left on base; Yakima 5 - Salem 3
TOP OF THE 4TH
Yakima Hops batting - Pitching for Salem Misfits : RHP Enrico Reséndez
Batting: SHB Carlos Sánchez 0-0: Called Strike
0-1: Ball
1-1: Ball
2-1: Called Strike
2-2: SINGLE (Groundball, 15S) (infield hit)
Batting: RHB Roberto Andrade 0-0: Ball
1-0: Fly out, F8 (Flyball, 8LS)
Batting: RHB Rafael Najcrea 0-0: Ball
1-0: Grounds into double play, 5-4-3 (Groundball, 56)
Top of the 4th over - 0 run(s), 1 hit(s), 0 error(s), 0 left on base; Yakima 5 - Salem 3
BOTTOM OF THE 4TH
Salem Misfits batting - Pitching for Yakima Hops : RHP Matt Webber
Batting: RHB John Townsend 0-0: Called Strike
0-1: Called Strike
0-2: Strikes out swinging
Batting: SHB Emílio Gonzáles 0-0: Called Strike
0-1: Swinging Strike
0-2: Strikes out swinging
Batting: SHB Arturo Romero 0-0: Foul Ball, location: 2F
0-1: Swinging Strike
0-2: Ball
1-2: Foul Ball, location: 2F
1-2: Strikes out swinging
Bottom of the 4th over - 0 run(s), 0 hit(s), 0 error(s), 0 left on base; Yakima 5 - Salem 3
TOP OF THE 5TH
Yakima Hops batting - Pitching for Salem Misfits : RHP Enrico Reséndez
Batting: RHB Marshall Attwood 0-0: Swinging Strike
0-1: Ball
1-1: Ball
2-1: Ball
3-1: Called Strike
3-2: Foul Ball, location: 2F
3-2: SINGLE (Groundball, 56D)
Batting: SHB Brian Ray 0-0: Called Strike
0-1: Ball
1-1: Called Strike
1-2: Ball
2-2: Foul Ball, location: 2F
2-2: Grounds into double play, 1-4-3 (Groundball, 15S)
Batting: RHB Rafael Durango 0-0: Fly out, F8 (Flyball, 8RM)
Top of the 5th over - 0 run(s), 1 hit(s), 0 error(s), 0 left on base; Yakima 5 - Salem 3
BOTTOM OF THE 5TH
Salem Misfits batting - Pitching for Yakima Hops : RHP Matt Webber
Batting: LHB Iván Flores 0-0: Swinging Strike
0-1: Swinging Strike
0-2: Ball
1-2: Ball
2-2: Ball
3-2: Ground out 4-3 (Groundball, 4)
Batting: SHB Alonso Márquez 0-0: Called Strike
0-1: Ball
1-1: Called Strike
1-2: Foul Ball, location: 2F
1-2: Ball
2-2: Fly out, F5 (Popup, 5S)
Batting: RHB Alfredo Martínez 0-0: Ball
1-0: Foul Ball, location: 2F
1-1: Ball
2-1: Foul Ball, location: 2F
2-2: Ball
3-2: Foul Ball, location: 2F
3-2: SINGLE (Groundball, 6MD)
Batting: RHB Raúl Reyna 0-0: Swinging Strike
0-1: Ball
1-1: Ball
2-1: Foul Ball, location: 2F
2-2: Foul Ball, location: 2F
2-2: Ball
3-2: Fly out, F2 (Popup, 2LF)
Bottom of the 5th over - 0 run(s), 1 hit(s), 0 error(s), 1 left on base; Yakima 5 - Salem 3
TOP OF THE 6TH
Yakima Hops batting - Pitching for Salem Misfits : RHP Enrico Reséndez
Batting: RHB Cal Jackson 0-0: Called Strike
0-1: Fly out, F8 (Flyball, 8LD)
Batting: LHB Jesús Quintanilla 0-0: SINGLE (Flyball, 8RS)
Pitching: LHP Lúcio Benítez
Batting: RHB Jim Allen 0-0: Ball
1-0: Called Strike
1-1: Ball
2-1: Fly out, F7 (Flyball, 78M)
Batting: SHB Carlos Sánchez 0-0: Called Strike
Jesús Quintanilla is caught stealing 2nd base
Top of the 6th over - 0 run(s), 1 hit(s), 0 error(s), 0 left on base; Yakima 5 - Salem 3
BOTTOM OF THE 6TH
Salem Misfits batting - Pitching for Yakima Hops : RHP Matt Webber
Batting: RHB Jong-duk Kim 0-0: Ball
1-0: Called Strike
1-1: Ball
2-1: DOUBLE (Line Drive, 3L)
Batting: RHB Will Robinson 0-0: Called Strike
0-1: Swinging Strike
0-2: Strikes out swinging
Batting: RHB John Townsend 0-0: SINGLE (Flyball, 8RS)
Jong-duk Kim to third
Batting: SHB Emílio Gonzáles 0-0: Called Strike
0-1: Swinging Strike
0-2: Ball
1-2: Ball
2-2: Strikes out swinging
Batting: SHB Arturo Romero 0-0: Called Strike
0-1: Swinging Strike
0-2: Ball
1-2: Ball
2-2: Ground out 4-3 (Groundball, 13)
Bottom of the 6th over - 0 run(s), 2 hit(s), 0 error(s), 2 left on base; Yakima 5 - Salem 3
TOP OF THE 7TH
Yakima Hops batting - Pitching for Salem Misfits : LHP Lúcio Benítez
Batting: SHB Carlos Sánchez 0-0: Called Strike
0-1: Called Strike
0-2: Ball
1-2: Strikes out looking
Batting: RHB Roberto Andrade 0-0: Ball
1-0: Fly out, F7 (Flyball, 78M)
Batting: RHB Rafael Najcrea 0-0: Ball
1-0: Called Strike
1-1: Called Strike
1-2: Strikes out swinging
Top of the 7th over - 0 run(s), 0 hit(s), 0 error(s), 0 left on base; Yakima 5 - Salem 3
BOTTOM OF THE 7TH
Salem Misfits batting - Pitching for Yakima Hops : RHP Matt Webber
Batting: LHB Iván Flores 0-0: Ball
1-0: Called Strike
1-1: Ball
2-1: Foul Ball, location: 2F
2-2: Ground out 4-3 (Groundball, 4)
Batting: SHB Alonso Márquez 0-0: Called Strike
0-1: SINGLE (Groundball, 34D)
Pitching: RHP Steve Bryan
Batting: RHB Alfredo Martínez 0-0: Ball
1-0: Ball
2-0: Called Strike
2-1: Swinging Strike
2-2: Strikes out swinging
Batting: RHB Raúl Reyna 0-0: Foul Ball, location: 2F
0-1: Ball
1-1: Ball
2-1: Called Strike
2-2: DOUBLE (Line Drive, 9LM)
Alonso Márquez to third
Runner from 3rd tries for Home, SAFE, no throw or cutoff
Pinch Hitting: LHB Jay Carlson 0-0: Ball
1-0: Ball
2-0: Called Strike
2-1: Ball
3-1: Swinging Strike
3-2: Foul Ball, location: 2F
3-2: SINGLE (Line Drive, 6MD)
Raúl Reyna to third
Raúl Reyna scores
Pinch Hitting: RHB José Casarreal 0-0: Ball
1-0: Ball
2-0: Ground out 6-3 (Groundball, 6)
Bottom of the 7th over - 2 run(s), 3 hit(s), 0 error(s), 1 left on base; Yakima 5 - Salem 5
TOP OF THE 8TH
Yakima Hops batting - Pitching for Salem Misfits : LHP Lúcio Benítez
Now at SS: Joe Werner
Now in RF: Jay Carlson
Batting: RHB Marshall Attwood 0-0: Ball
1-0: Ball
2-0: Swinging Strike
2-1: Foul Ball, location: 2F
2-2: Fly out, F5 (Popup, 56S)
Pitching: RHP Jim Unknown
Batting: SHB Brian Ray 0-0: Fly out, F4 (Line Drive, 4)
Pinch Hitting: LHB Jim Unknown 0-0: Ball
1-0: Foul Ball, location: 2F
1-1: Ball
2-1: Ball
3-1: Swinging Strike
3-2: Strikes out swinging
Top of the 8th over - 0 run(s), 0 hit(s), 0 error(s), 0 left on base; Yakima 5 - Salem 5
BOTTOM OF THE 8TH
Salem Misfits batting - Pitching for Yakima Hops : RHP Steve Bryan
Now at 2B: Michael Martin
Batting: RHB John Townsend 0-0: Ball
1-0: Called Strike
1-1: Foul Ball, location: 2F
1-2: Strikes out looking
Pinch Hitting: LHB Júlio Valentín 0-0: Called Strike
0-1: Foul Ball, location: 2F
0-2: Ball
1-2: Strikes out swinging
Pinch Hitting: RHB Paris Avgerinos 0-0: Foul Ball, location: 2F
0-1: Ball
1-1: Fly out, F4 (Line Drive, 4D)
Bottom of the 8th over - 0 run(s), 0 hit(s), 0 error(s), 0 left on base; Yakima 5 - Salem 5
TOP OF THE 9TH
Yakima Hops batting - Pitching for Salem Misfits : RHP Jim Unknown
Now at 1B: Júlio Valentín
Now at 3B: Jim Unknown
Pinch Hitting: RHB Luis Silva 0-0: Ball
1-0: Swinging Strike
1-1: SINGLE (Groundball, 56D)
Pinch Hitting: LHB Jim Unknown 0-0: Ball
1-0: Foul Ball, location: 2F
1-1: Sac Bunt - play at first, batter OUT! 1-4
Luis Silva to second
Pinch Hitting: RHB Marcos Rivera 0-0: Intentional Walk
Batting: SHB Carlos Sánchez 0-0: Called Strike
0-1: Foul Ball, location: 2F
0-2: Strikes out swinging
Batting: RHB Roberto Andrade 0-0: Ball
1-0: Ball
2-0: Called Strike
2-1: Foul Ball, location: 2F
2-2: Strikes out swinging
Top of the 9th over - 0 run(s), 1 hit(s), 0 error(s), 2 left on base; Yakima 5 - Salem 5
BOTTOM OF THE 9TH
Salem Misfits batting - Pitching for Yakima Hops : RHP Steve Bryan
Pitching: RHP Cisco Romero
Now at 1B: Jim Unknown
Now at SS: Craig Barnes
Now in LF: Marcos Rivera
Batting: LHB Iván Flores 0-0: SINGLE (Groundball, 3D)
Pinch Hitting: RHB Miguel Torres 0-0: Sac Bunt - play at first, batter OUT! 5-4
Iván Flores to second
Batting: RHB Alfredo Martínez 0-0: Intentional Walk
Pinch Hitting: RHB Ignacio García 0-0: Foul Ball, location: 2F
0-1: Called Strike
0-2: Fly out, F9 (Flyball, 89M)
Batting: LHB Jay Carlson 0-0: Called Strike
0-1: Foul Ball, location: 2F
0-2: Foul Ball, location: 2F
0-2: Ball
1-2: Strikes out swinging
Bottom of the 9th over - 0 run(s), 1 hit(s), 0 error(s), 2 left on base; Yakima 5 - Salem 5
TOP OF THE 10TH
Yakima Hops batting - Pitching for Salem Misfits : RHP Jim Unknown
Now at 2B: Ignacio García
Now in LF: Gerry Bourke
Batting: RHB Rafael Najcrea 0-0: Ball
1-0: Ball
2-0: Called Strike
2-1: Swinging Strike
2-2: Strikes out swinging
Batting: RHB Marshall Attwood 0-0: Swinging Strike
0-1: Ball
1-1: Foul Ball, location: 2F
1-2: Strikes out looking
Batting: SHB Brian Ray 0-0: Ball
1-0: Ball
2-0: Ball
3-0: Base on Balls
Batting: RHB Michael Martin 0-0: Ball
1-0: Ball
2-0: 2-RUN HOME RUN (Flyball, 78XD), Distance : 430 ft
Batting: SHB Craig Barnes 0-0: Ball
1-0: Ball
2-0: Ball
3-0: Called Strike
3-1: Base on Balls
Batting: LHB Jim Unknown 0-0: Ball
1-0: Ball
2-0: Foul Ball, location: 2F
2-1: Ball
3-1: Foul Ball, location: 2F
3-2: Fly out, F9 (Flyball, 9LM)
Top of the 10th over - 2 run(s), 1 hit(s), 0 error(s), 1 left on base; Yakima 7 - Salem 5
BOTTOM OF THE 10TH
Salem Misfits batting - Pitching for Yakima Hops : RHP Cisco Romero
Batting: SHB Joe Werner 0-0: Foul Ball, location: 2F
0-1: Foul Ball, location: 2F
0-2: Ball
1-2: Ball
2-2: Strikes out looking
Batting: RHB John Townsend 0-0: Swinging Strike
0-1: Ball
1-1: Ball
2-1: Fly out, F7 (Flyball, 78M)
Batting: LHB Júlio Valentín 0-0: Ground out 6-3 (Groundball, 6)
Bottom of the 10th over - 0 run(s), 0 hit(s), 0 error(s), 0 left on base; Yakima 7 - Salem 5
This league is powered by Out of the Park Baseball, the baseball management simulation game for PC, Mac and Linux
Saturday, July 25th, 2015 - OOTP Baseball 15.6 Build 34